Map: Fracture LE

Players

Khalmanac - Winner!

  • Race: Terran Terran
  • League: Platinum
  • Spawn Location: 11:00

XenoDactyl

  • Race: Protoss Protoss
  • League: Diamond
  • Spawn Location: 5:00

VOD

Have the link to the VOD?

Description

HOLD THE LINE.

Time

  • Played on: Sept. 20, 2018, 2:35 p.m.
  • Length: 17:17
Show
View Real Time Build Order
Export as new Build Order

Khalmanac Terran - Winner!

Build Orders:  

Get SALT Encoding   

  12  0:00  SCV  
  13  0:13  SCV  
  14  0:18  Supply Depot  
  14  0:25  SCV  
  15  0:37  Refinery  
  15  0:40  SCV  
  16  0:46  Barracks  
  16  0:53  SCV  
  17  1:08  SCV  
  18  1:20  SCV  
  19  1:39  Marine  
  20  1:41  Barracks, SCV  
  21  1:57  Marine  
  22  2:07  Bunker  
  22  2:14  Marine  
  23  2:29  Bunker  
  23  2:51  Supply Depot  
  23  3:10  Supply Depot  
  23  3:17  Supply Depot  
  23  3:19  Orbital Command  
  23  3:25  Marine  
  23  3:31  Marine  
  24  3:43  Marine  
  25  3:49  Marine  
  25  3:53  Bunker  
  26  4:01  Factory, Marine  
  26  4:08  Marine  
  27  4:18  Marine  
  29  4:36  Marine  
  29  4:39  SCV  
  30  4:49  Factory Tech Lab  
  30  4:52  SCV  
  31  4:53  Supply Depot  
  31  4:54  Marine  
  32  5:04  Starport  
  32  5:05  SCV  
  33  5:08  Marine  
  33  5:12  Marine  
  33  5:13  Siege Tank  
  38  5:21  Engineering Bay, Supply Depot  
  39  5:30  Marine  
  39  5:33  Barracks Tech Lab  
  39  5:40  SCV  
  40  5:43  Medivac  
  40  5:45  Siege Tank  
  40  5:47  Marine  
  46  6:00  Marine  
  46  6:02  Missile Turret  
  46  6:03  Terran Infantry Weapons Level 1  
  47  6:05  Marine  
  47  6:08  SCV  
  48  6:20  Supply Depot  
  45  6:30  Marine x2  
  47  6:41  Missile Turret  
  47  6:44  Siege Tank  
  50  6:48  Marine x2  
  50  6:53  Medivac  
  54  7:06  Marine x2  
  56  7:24  Marine x2  
  56  7:41  Marine  
  56  7:42  Marine  
  56  7:43  SCV  
  53  7:49  Stimpack  
  49  7:55  SCV  
  50  7:59  Marine x2  
  52  8:17  Marine x2  
  52  8:18  SCV  
  51  8:29  Terran Infantry Armor Level 1  
  51  8:30  SCV  
  52  8:35  Marine x2  
  48  8:42  SCV  
  48  8:45  Refinery  
  49  8:53  Marine x2  
  49  8:54  SCV  
  52  9:10  Marine  
  53  9:18  Medivac  
  53  9:33  Marine  
  52  9:40  Marine  
  52  9:42  Siege Tank  
  56  9:51  Marine  
  55  10:03  Marine  
  53  10:09  Marine  
  54  10:21  Marine  
  54  10:26  Marine  
  53  10:39  Marine  
  53  10:41  Combat Shields  
  54  10:44  Marine  
  53  10:57  Marine, Medivac  
  53  11:00  Siege Tank  
  53  11:02  Marine  
  60  11:14  Marine  
  60  11:15  Command Center  
  61  11:18  Command Center  
  61  11:20  Marine  
  62  11:32  Marine  
  62  11:36  Supply Depot  
  62  11:39  Marine  
  63  11:56  Missile Turret  
  63  11:57  Marine x2, Medivac  
  67  12:15  Marine x2  
  69  12:27  Siege Tank, Medivac  
  73  12:32  Supply Depot  
  73  12:33  Marine x2  
  75  12:50  Marine  
  77  12:57  Barracks  
  76  12:59  Barracks Reactor  
  76  13:02  SCV  
  77  13:13  Marine  
  78  13:23  Orbital Command  
  78  13:30  Supply Depot  
  78  13:31  Marine  
  79  13:38  Marine x2  
  81  13:49  Marine  
  81  13:56  Marine x2  
  81  13:57  Orbital Command  
  81  14:01  SCV x2  
  85  14:06  Barracks Tech Lab  
  85  14:07  Marine  
  85  14:08  Concussive Shells  
  85  14:09  Armory  
  86  14:13  SCV x2  
  86  14:14  Marine x2  
  89  14:25  Marine, SCV  
  89  14:30  SCV x2  
  93  14:35  Supply Depot  
  93  14:37  Marine, SCV  
  93  14:38  Marauder, Marine  
  98  14:42  SCV x2  
  98  14:43  Marauder  
  102  14:49  SCV  
  103  14:54  SCV  
  103  14:55  Marine x2  
  103  14:57  Supply Depot  
  103  14:58  Marine  
  107  15:04  Marine  
  108  15:13  Marine  
  109  15:18  Marine x2  
  111  15:21  Siege Tank  
  111  15:22  Marine, Medivac  
  111  15:26  Supply Depot  
  117  15:31  Marine  
  118  15:36  Marine x2  
  118  15:40  Marauder  
  118  15:42  Refinery  
  122  15:49  Marine  
  120  15:52  Medivac  
  120  15:53  Siege Tank, Marine  
  120  15:54  Marine  
  118  16:01  Marine  
  101  16:06  Marine  
  96  16:11  Marine x2  
  93  16:19  Marine  
  93  16:24  Marine  
  90  16:29  Marine x2  
  88  16:36  SCV x2  
  88  16:37  Marine  
  89  16:42  Marine  
  89  16:43  SCV  
  87  16:47  Marine x2  
  87  16:48  SCV  
  88  16:54  Marine  
  90  17:03  SCV  
Show
View Real Time Build Order
Export as new Build Order

XenoDactyl Protoss 

Build Orders:  

Get SALT Encoding   

  12  0:02  Probe  
  14  0:14  Probe  
  14  0:21  Pylon  
  14  0:27  Probe  
  15  0:39  Probe  
  16  0:44  Gateway  
  16  0:51  Probe  
  17  0:57  Forge  
  17  1:04  Probe  
  18  1:25  Pylon  
  18  1:29  Pylon  
  18  1:35  Pylon  
  18  1:51  Zealot  
  18  1:52  Pylon, Photon Cannon  
  18  1:55  Photon Cannon  
  19  2:05  Assimilator  
  19  2:17  Zealot  
  19  2:19  Photon Cannon  
  21  2:32  Photon Cannon  
  21  2:33  Photon Cannon  
  22  2:37  Probe  
  22  2:49  Zealot, Probe  
  23  3:01  Probe  
  24  3:10  Photon Cannon  
  24  3:13  Probe  
  23  3:39  Photon Cannon  
  23  3:54  Cybernetics Core  
  23  3:56  Nexus  
  23  4:14  Probe  
  24  4:17  Assimilator  
  24  4:26  Probe  
  25  4:32  Shield Battery  
  25  4:35  Shield Battery  
  25  4:44  Stargate  
  24  4:46  Shield Battery  
  24  4:50  Pylon  
  24  4:55  Probe  
  25  5:00  Adept  
  28  5:07  Probe  
  28  5:17  Gateway  
  28  5:30  Void Ray  
  28  5:34  Probe x2  
  34  5:43  Protoss Air Weapons Level 1  
  34  5:46  Probe x2  
  36  5:58  Probe  
  35  6:21  Void Ray  
  37  6:30  Probe x2  
  37  6:31  Adept  
  41  6:33  Adept  
  43  6:49  Shield Battery  
  43  6:51  Shield Battery x2  
  43  7:05  Adept  
  45  7:11  Adept  
  45  7:12  Probe x2  
  48  7:29  Void Ray  
  38  8:12  Void Ray  
  40  8:31  Nexus  
  40  8:32  Pylon  
  36  8:38  Adept  
  34  8:43  Adept  
  36  8:51  Probe x2  
  36  8:54  Assimilator  
  36  8:55  Void Ray  
  42  9:03  Probe x2  
  44  9:15  Probe x2  
  46  9:44  Fleet Beacon  
  44  10:14  Photon Cannon  
  44  10:23  Warp Gate  
  44  10:25  Pylon  
  39  10:32  Stalker  
  41  10:38  Gateway  
  41  10:39  Gateway  
  41  10:41  Gateway  
  37  10:44  Photon Cannon  
  37  10:45  Photon Cannon  
  37  10:49  Shield Battery  
  37  10:57  Probe x2  
  37  11:14  Stargate  
  37  11:15  Stargate  
  37  11:16  Pylon  
  37  11:24  Pylon  
  37  11:30  Stalker x3  
  43  11:49  Probe x2  
  43  11:51  Graviton Catapult  
  43  12:10  Assimilator  
  43  12:12  Assimilator  
  43  12:22  Twilight Council  
  43  12:23  Nexus, Mothership  
  43  12:24  Pylon  
  43  12:32  Probe x2  
  43  12:34  Probe  
  44  12:44  Probe  
  55  13:05  Probe x2  
  55  13:07  Charge  
  55  13:14  Carrier  
  61  13:27  Carrier  
  67  13:42  Zealot  
  67  13:43  Zealot  
  71  13:53  Zealot x2  
  75  14:15  Zealot x4  
  79  14:40  Nexus  
  79  14:42  Pylon  
  79  14:43  Carrier  
  79  14:45  Pylon, Zealot x2  
  87  14:46  Zealot  
  87  14:51  Pylon  
  91  14:53  Pylon  
  91  14:57  Pylon  
  91  15:03  Probe x2  
  93  15:10  Probe  
  94  15:15  Zealot x4  
  102  15:31  Carrier  
  100  16:08  Zealot x4  
  67  16:33  Zealot  
  67  16:34  Zealot x3  
Tags
 
Add a new tag
Caveats
  • Supply blocks, unpowered buildings, or Contaminate may cause inaccurate times.
  • Supply counts are checked every 10 seconds.